[Event "Chpt Reg Jeunes Occitanie 2026 - Espalion"]
[Site "Espalion, France"]
[Round "6.6"]
[ECO "?"]
[Annotator "?"]
[TimeControl "1h30 + 30sec/cp"]

1. d4 c5 2.
d5 d6 3. c4 Nf6 4. Nc3 g6 5. Nf3 Bg7 6. e4 O-O 7. Bd3 Na6 8. h3 Nc7 9. O-O e6 10. Re1 Re8 11.
Qc2 Rb8 12. Bf4 b5 13. Rad1 Nh5 14. Bg5 Bf6 15. Bxf6 Nxf6 16. e5 bxc4 17. Bxc4 Nfxd5 18. Nxd5 exd5 19. Bxd5 Rb6 20. Bc4 Bb7 21.
exd6 Rxe1+ 22. Nxe1 Rxd6 23. Rxd6 Qxd6 24. Qb3 Qe7 25. Qxb7 Qxe1+ 26. Kh2 Qe5+ 27. g3 Ne6 28. Qa8+ Kg7 29. Bxe6 Qxe6 30. Qxa7 Qd5 31.
Qa3 f6 32.
b3 Qd4 33.
Kg1 Qd1+ 34. Kg2 Qd5+ 35. Kg1 Qd1+ 36. Kh2 Qd4 37. Qa7+ Kh6 38. Kg1 Qd1+ 39. Kg2 Qd5+ 40. Kg1 Qd1+ 41. Kh2 Qd4 42.
Qb7 Qxf2+ 43. Qg2 Qd4 44. Qc2 f5 45. Qc1+ Kg7 46. Qc2 Kh6 47. a4 Qb4 48. Qc1+ Kg7 1/2-1/2

[White "BENNANI, Joachim"]
[Black "LAVAL, Nolan"]
[WhiteElo "1727"]
[BlackElo "1876"]
[Result "0-1"]
[Date "2026.03.06"]

[Event "Chpt Reg Jeunes Occitanie 2026 - Espalion"]
[Site "Espalion, France"]
[Round "6.7"]
[ECO "?"]
[Annotator "?"]
[TimeControl "1h30 + 30sec/cp"]

1. e4 c5 2.
Nc3 e6 3.
Nf3 Nc6 4.
d4 cxd4 5.
Nxd4 Nf6 6.
Nxc6 bxc6 7. Bg5 Be7 8. e5 Nd5 9. Bxe7 Qxe7 10. Qd2 Rb8 11. Rb1 Qb4 12. Nxd5 Qxd2+ 13. Kxd2 cxd5 14. Bd3 Ke7 15. Rhd1 Rb6 16. c4 dxc4 17. Bxc4 Bb7 18. f3 Rc8 19. b3 Rc5 20. Re1 Bd5 21.
Bd3 Ra5 22. Rb2 Rb4 23. Kc3 Rh4 24. h3 Rc5+ 25.
Kd2 Rh5 26. b4 Rc7 27. a4 Rg5 28. Re2 d6 29. exd6+ Kxd6 30. Rc2 Rb7 31. Rb2 Rh5 32. Be4 Rh4 33. Kd3 f5 34. Bxd5 Kxd5 35. Kc3 Rc4+ 36. Kd3 Rcxb4 37. Rxb4 Rxb4 38.
Ra2 a5 0-1

[White "WOJTAS, Lumeann"]
[Black "LABOURET, Emile"]
[WhiteElo "1815"]
[BlackElo "1706"]
[Result "1-0"]
[Date "2026.03.06"]

[Event "Chpt Reg Jeunes Occitanie 2026 - Espalion"]
[Site "Espalion, France"]
[Round "6.8"]
[ECO "?"]
[Annotator "?"]
[TimeControl "1h30 + 30sec/cp"]

1. e4 e5 2.
Bc4 Nc6 3.
Nf3 Bc5 4.
d4 Bxd4 5.
Nxd4 Nxd4 6. O-O d6 7. f4 Nf6 8. fxe5 dxe5 9. Bg5 Qe7 10. Na3 Be6 11. c3 Bxc4 12. Nxc4 Nc6 13. Bxf6 gxf6 14. Ne3 Qc5 15. Qe2 O-O-O 16. Kh1 Ne7 17. Rxf6 c6 18. Rxf7 Ng6 19.
Rf2 Rd7 20. Rd1 Nf4 21. Qg4 Rhd8 22. Rfd2 h5 23. Qf5 Qe7 24. Nc4 Kc7 25. Rxd7+ Rxd7 26. Rxd7+ Qxd7 27. Qxd7+ Kxd7 28. Nxe5+ Ke6 29. Nf3 Nd3 30. b4 Nf2+ 31. Kg1 Nxe4 32.
c4 c5 33.
bxc5 Nxc5 34. Kf2 a6 35. Ke3 b5 36. cxb5 axb5 37. Nd4+ Ke5 38. Nxb5 Kf5 39. Nc3 h4 40. h3 1-0

[White "MARTIN-GOMES, Luis"]
[Black "MOREL, Yael"]
[WhiteElo "1702"]
[BlackElo "1794"]
[Result "1/2-1/2"]
[Date "2026.03.06"]

[Event "Chpt Reg Jeunes Occitanie 2026 - Espalion"]
[Site "Espalion, France"]
[Round "6.9"]
[ECO "?"]
[Annotator "?"]
[TimeControl "1h30 + 30sec/cp"]

1. e4 c5 2. Nf3 a6 3. c3 d5 4. e5 d4 5. cxd4 cxd4 6. Qa4+ Nc6 7. Bb5 Bd7 8. Bxc6 Bxc6 9. Qxd4 Qxd4 10.
Nxd4 Bxg2 11. Rg1 Bd5 12. Nc3 e6 13. Nde2 Ne7 14. d4 O-O-O 15. Bg5 Rd7 16. Bxe7 Rxe7 17. Nxd5 exd5 18. Nf4 Rd7 19. Rc1+ Kb8 20. Nh5 g6 21. Nf6 Rd8 22.
Ke2 h5 23.
Rg3 Be7 24. Rf3 1/2-1/2

[White "GARNIER, Alexis"]
[Black "HUDE, Hugo"]
[WhiteElo "1796"]
[BlackElo "1697"]
[Result "1/2-1/2"]
[Date "2026.03.06"]